 Dungeon Crawl Stone Soup version 0.30-a0-937-ga0a21ad780 (webtiles) character file.

Game seed: 3352952869299446990

14 BlueFish the Grasshopper (level 2, -3/19 HPs)
             Began as an Octopode Warper on Mar 24, 2023.
             Slain by Jessica
             ... wielding a +0 club
              (6 damage)
             ... on level 2 of the Dungeon.
             The game lasted 00:01:13 (725 turns).

BlueFish the Grasshopper (Octopode Warper)           Turns: 725, Time: 00:01:13

Health: -3/19      AC:  1    Str: 10    XL:     2   Next: 41%
Magic:  5/5        EV: 13    Int: 15    God:
Gold:   53         SH:  0    Dex: 11    Spells: 1/5 levels left

rFire   . . .      SeeInvis .    c - +0 club
rCold   . . .      Faith    .    (no shield)
rNeg    . . .      Spirit   .    (helmet restricted)
rPois   .          Reflect  .    (no amulet)
rElec   .          Rampage  .    (no ring)
rCorr   .                        (no ring)
Will    .....                    (no ring)
Stlth   +++                      (no ring)
HPRegen 0.23/turn                (no ring)
MPRegen 0.09/turn                (no ring)
                                 (no ring)
                                 (no ring)

@: no status effects
A: almost no armour, amphibious, 8 rings, camouflage 1, gelatinous body 1,
(nimble swimmer 1), tentacles
a: no special abilities


You were on level 2 of the Dungeon.
You visited 1 branch of the dungeon, and saw 2 of its levels.

You collected 53 gold pieces.

Inventory:

Hand Weapons
 c - a +0 club (weapon)
Missiles
 b - 7 boomerangs of dispersal (quivered)
 d - 17 stones
Scrolls
 a - a scroll of blinking
 e - a scroll of identify {unknown}
 g - 2 scrolls of poison {unknown}
Potions
 f - a potion of heal wounds {unknown}


   Skills:
 + Level 2.1 Fighting
 + Level 0.4 Maces & Flails
 + Level 1.2 Throwing
 + Level 2.4 Dodging
 * Level 1.2 Stealth
 + Level 2.1 Unarmed Combat
 + Level 2.0 Spellcasting
 + Level 3.0 Translocations


You had one spell level left.
You knew the following spells:

 Your Spells              Type           Power      Damage    Failure   Level
a - Blink                 Tloc           20%        N/A       10%         2
b - Lesser Beckoning      Tloc           20%        N/A       10%         2

Your spell library contained the following spells:

 Spells                   Type           Power      Damage    Failure   Level
 Teleport Other           Tloc           10%        N/A       19%         3
 Vhi's Electric Charge    Tloc/Air       12%        N/A       34%         3
 Manifold Assault         Tloc           10%        N/A       52%         4


Dungeon Overview and Level Annotations

Branches:
Dungeon (2/15)

Altars:

Annotations:
D:2 Jessica


Innate Abilities, Weirdness & Mutations

You cannot wear most types of armour.
You are amphibious.
You can wear up to eight rings at the same time.
Your skin changes colour to match your surroundings (Stealth+).
Your rubbery body absorbs attacks. (AC +1, EV +1)
((You are camouflaged when in or above water. (Stealth+)))
You have tentacles for arms and can constrict up to eight enemies at once.


Message History

Search for what [? for help]? mace
(D) Dungeon
Where to? (? - help)
There is a stone staircase leading down here.
You climb downwards.
There is a stone staircase leading up here.
A frilled lizard comes into view.
You see here 5 stones.
Found a pink potion, 2 red potions and 14 gold pieces.
The frilled lizard hisses angrily.
Jessica the Apprentice Sorceress comes into view.
She is wielding a +0 club.
You see here 5 stones.
There is a stone staircase leading up here.
You barely miss the frilled lizard. Your grab misses the frilled lizard.
The frilled lizard barely misses you.
You barely miss the frilled lizard. Your grab misses the frilled lizard.
Your squeeze misses the frilled lizard.
The frilled lizard completely misses you.
You miss the frilled lizard. You grab the frilled lizard.
You constrict the frilled lizard.
You kill the frilled lizard!
d - 17 stones (gained 5) Jessica shouts!
Jessica barely misses you.
You hit Jessica. You grab Jessica. You squeeze Jessica, but do no damage.
Jessica is moderately wounded.
You constrict Jessica, but do no damage.
Jessica barely misses you. Jessica gestures at you while chanting.
Pain shoots through your body!
Ouch! That really hurt!
You hit Jessica.
Jessica is heavily wounded.
You constrict Jessica. Jessica hits you with a +0 club!
* * * LOW HITPOINT WARNING * * *
You hit Jessica but do no damage.
Jessica is severely wounded.
You constrict Jessica, but do no damage.
Jessica hits you with a +0 club.
You die...

.. # .. .. # #. #.#
#.#. #.#
###.#.##.##
#.$.......#
#.!..@....##
#.....@....#
#..........####
#....!........##
#.!.......###..#
#............#<####
#.........##......#
#.........####.##.#
####.###### #.# ..
#. #.# ##


You could see Jessica.

Vanquished Creatures
  An endoplasm (D:1)
  A giant cockroach (D:1)
  2 goblins (D:1)
  A hobgoblin (D:1)
  2 kobolds (D:1)
  2 ball pythons (D:1)
  A bat (D:1)
  A frilled lizard (D:2)
  2 rats (D:1)
13 creatures vanquished.

Notes
Turn   | Place    | Note
-------+----------+-------------------------------------------
     0 | D:1      | BlueFish the Octopode Warper began the quest for the Orb.
     0 | D:1      | Reached XP level 1. HP: 14/14 MP: 3/3
   223 | D:1      | Reached skill level 1 in Stealth
   223 | D:1      | Reached XP level 2. HP: 17/19 MP: 5/5
   226 | D:1      | Learned a level 2 spell: Blink
   229 | D:1      | Learned a level 2 spell: Lesser Beckoning
   702 | D:2      | Noticed Jessica
   725 | D:2      | Slain by Jessica

Illustrated notes

Levels and vault maps discovered:
D:1:      roderic_crossed_star, layout_loops_ring
D:2:      layout_rooms, nicolae_half_adder, uniq_jessica

Skill      XL: |  1 |
---------------+----+-----
Stealth        | 1 |  1.2
Fighting       | |  2.1
Maces & Flails | |  0.4
Throwing       | |  1.2
Dodging        | |  2.4
Unarmed Combat | |  2.1
Spellcasting   | |  2.0
Translocations | |  3.0

Action                     || total
---------------------------++-------
  Melee: Club              ||    33
         Constrict         ||    12
         Tentacles         ||     6
   Stab: Sleeping          ||     5
 Armour: Skin              ||     1
  Dodge: Dodged            ||    21

Table legend: (Time is in decaauts)
 A = Elapsed time spent in this place.
 B = Non-inter-level travel time spent in this place.
 C = Inter-level travel time spent in this place.
 D = Time resting spent in this place.
 E = Time spent auto-exploring this place.
 F = Levels seen in this place.
 G = Mean time per level.
                   A        B        C        D        E       F      G
               +--------+--------+--------+--------+--------+-----+--------+
         Total |    733 |    730 |      3 |      0 |    569 |   2 |  366.5 |
       Dungeon |    733 |    730 |      3 |      0 |    569 |   2 |  366.5 |
               +--------+--------+--------+--------+--------+-----+--------+

Top non-repeatable levels by time:
     D:1: 703 daAuts
     D:2: 30 daAuts
